 Dungeon Crawl Stone Soup version 0.30.0-18-gc0e69614cb (webtiles) character file.

Game seed: 17348113756826994939

61 Descartes the Ducker (level 3, -4/16 HPs)
             Began as a Felid Transmuter on May 23, 2023.
             Shot with a sling bullet by a goblin (6 damage)
             ... led by Robin
             ... on level 2 of the Dungeon.
             The game lasted 00:02:02 (1023 turns).

Descartes the Ducker (Felid Transmuter)             Turns: 1023, Time: 00:02:02

Health: -4/16      AC:  1    Str:  8    XL:     3   Next: 83%
Magic:  7/7        EV: 18    Int: 14    God:
Gold:   43         SH:  0    Dex: 16    Spells: 5/6 levels left
                                        Lives:  0   Deaths: 0

rFire   . .          .
                       - Unarmed
rCold   . . .        (shield unavailable)
rNeg    . . .        (body armour unavailable)
rPois   .            (helmet unavailable)
rElec   .            (cloak unavailable)
rCorr   .            (gloves unavailable)
SInv    +            (boots unavailable)
Will    .....        (no amulet)
Stlth   ++           (no ring)
HPRegen 0.22/turn    (no ring)
MPRegen 0.10/turn

%: no passive effects
@: appendages (expiring), quick
A: horns 2, very small, claws 1, fangs 3, see invisible, speed 1, shaggy fur 1,
stealthy paws, no weapons or thrown items, no armour, multi-lived
a: End Transformation


You were on level 2 of the Dungeon.
You had temporarily grown beastly horns.
You visited 1 branch of the dungeon, and saw 2 of its levels.

You collected 43 gold pieces.

Inventory:

Scrolls
 b - a scroll of identify {unknown}
 g - a scroll of enchant weapon {unknown}
Potions
 a - 2 potions of lignification
 c - 2 potions of curing {unknown}
 d - a potion of mutation {unknown}
 e - 2 potions of heal wounds {unknown}
 f - a potion of might {unknown}


   Skills:
 + Level 1.7 Fighting
 + Level 3.4 Dodging
 - Level 0.7 Stealth
 + Level 3.4 Unarmed Combat
 + Level 2.4 Spellcasting
 + Level 2.8 Transmutations


You had 5 spell levels left.
You knew the following spells:

 Your Spells              Type           Power      Damage    Failure   Level
a - Beastly Appendage     Tmut           18%        N/A       7%          1

Your spell library contained the following spells:

 Spells                   Type           Power      Damage    Failure   Level
 Wereblood                Tmut           9%         N/A       11%         2
 Spider Form              Tmut/Pois      5%         N/A       36%         3
 Ice Form                 Ice/Tmut       5%         N/A       77%         4
 Blade Hands              Tmut           4%         N/A       89%         5
 Irradiate                Conj/Tmut      2%         3d12      98%         5
 Dragon Form              Tmut           4%         N/A       100%        7


Dungeon Overview and Level Annotations

Branches:
Dungeon (2/15)

Altars:

Annotations:
D:2 Robin


Innate Abilities, Weirdness & Mutations

You have temporarily grown beastly horns.
You have sharp claws.
You have razor-sharp teeth.
You have supernaturally acute eyesight. (SInv)
You cover ground quickly. (Speed+)
You are covered in fur. (AC +1)
Your paws help you pounce on unaware monsters.
You are incapable of wielding weapons or throwing items.
You cannot wear armour.
You gain extra lives every three experience levels.


Message History

You scratch the goblin.
You kill the goblin!
The goblin unwields a +0 dagger.
The goblin wields a +0 sling.
The goblin shoots a sling bullet.
The sling bullet closely misses you.
Robin's horned helmet rattles.
Robin roars a battlecry!
The goblins go into a battle-frenzy!
Casting: Beastly Appendage (safe; 8% risk of failure)
Confirm with . or Enter, or press ? or * to list all spells.
You grow a pair of large bovine horns.
The goblin hits you but does no damage.
You scratch the goblin.
You kill the goblin!
The goblin shoots a sling bullet.
The sling bullet misses you.
You barely miss the goblin. Your headbutt misses the goblin.
The goblin barely misses you.
You claw the goblin!
You kill the goblin!
Robin throws the goblin at you!
You scratch the goblin.
You kill the goblin!
The goblin shoots a sling bullet.
The sling bullet hits you.
Robin's bangles clink loudly.
You barely miss Robin. Your bite misses Robin.
Your transformation is almost over.
The goblin unwields a +0 dagger.
The goblin wields a +0 sling.
The goblin shoots a sling bullet.
The sling bullet hits you. Robin closely misses you.
You closely miss Robin. Your headbutt misses Robin.
The goblin shoots a sling bullet.
The sling bullet closely misses you. Robin misses you.
The goblin shoots a sling bullet.
The sling bullet misses you.
You scratch Robin.
Robin is lightly wounded.
The goblin shoots a sling bullet.
The sling bullet hits you.
* * * LOW HITPOINT WARNING * * *
Robin misses you.
You scratch Robin but do no damage.
Robin is lightly wounded.
The goblin shoots a sling bullet.
The sling bullet hits you.
You die... g.. .. .. .##### gg...

##.# .##
#gg##..###>.
#)##g......#
#.##@##...#
#gg.......##
#.g#...........
#......>(......
###)...........
#............
#............
#............
#......[.....


You could see Robin and 3 goblins.

Vanquished Creatures
  Jessica (D:2)
  A dart slug (D:1)
  5 ball pythons (D:1)
  A bat (D:1)
  2 endoplasms (D:1)
  A giant cockroach (D:1)
  5 goblins (D:2)
  3 hobgoblins (D:1)
  4 quokkas (D:1)
  2 frilled lizards (D:1)
  2 kobolds (D:1)
  4 rats (D:1)
31 creatures vanquished.

Notes
Turn   | Place    | Note
-------+----------+-------------------------------------------
     0 | D:1      | Descartes the Felid Transmuter began the quest for the Orb.
     0 | D:1      | Reached XP level 1. HP: 9/9 MP: 4/4
   143 | D:1      | Reached XP level 2. HP: 10/12 MP: 3/6
   761 | D:1      | Reached XP level 3. HP: 8/15 MP: 5/7
   982 | D:2      | Noticed Jessica
   987 | D:2      | Killed Jessica
  1007 | D:2      | Noticed Robin
  1023 | D:2      | Shot with a sling bullet by a goblin

Illustrated notes

Levels and vault maps discovered:
D:1:      ncdulo_watergridlock, layout_basic
D:2:      layout_rooms, uniq_robin, uniq_jessica

Skill      XL: |  1  2 |
---------------+-------+-----
Dodging        | 3 |  3.4
Fighting       | |  1.7
Stealth        | |  0.7
Unarmed Combat | |  3.4
Spellcasting   | |  2.4
Transmutations | |  2.8

Action                     || total
---------------------------++-------
  Melee: Unarmed           ||    66
         Headbutt          ||     9
         Bite              ||     6
         Punch             ||     4
   Cast: Beastly Appendage ||    17
   Stab: Sleeping          ||     2
 Armour: Skin              ||     2
  Dodge: Dodged            ||    40
